Carnivores vs Gangsters

Created - 18 octobre 2014 at 23:27

Goals
1 2 3 OT1 T
Carnivores 0 3 3 0 6
Gangsters 0 3 3 1 7
Shots
1 2 3 OT1 T
Carnivores 2 13 19 1 35
Gangsters 11 13 9 2 35

1st period

No Goal

Penalties :
Richard Panik (Bro) for Kneeing (Major) at 2:30, Anton Lander (Bre) for Tripping (Minor) at 16:50

2nd period

1. Gangsters , Chris Bourque 4 (Maxime Sauvé, Shaun Heska) at 0:51
2. Gangsters , Maxime Sauvé 1 (Chris Bourque) at 1:40
3. Carnivores , Colton Orr 8 (Bobby Sanguinetti, Phil Oreskovic) at 6:34 (SH)
4. Gangsters , Ben Holmstrom 3 (Dave Dziurzynski) at 9:56
5. Carnivores , Anton Gustafsson 4 (Billy Sweat, Chris Lawrence) at 14:22
6. Carnivores , Billy Sweat 2 (Chris Lawrence, Anton Gustafsson) at 18:11

Penalties :
Jordie Benn (Bre) for Interference (Minor) at 4:44

3rd period

7. Carnivores , Billy Sweat 3 (Colton Orr) at 2:28
8. Gangsters , Igor Radulov 15 (Alexandre Bolduc, Bryan Young) at 4:14
9. Gangsters , Shaun Heska 1 (Chris Bourque, Maxime Sauvé) at 5:32
10. Gangsters , Richard Panik 3 (Ryan Jones, Brett Ponich) at 8:29
11. Carnivores , Anton Lander 1 (Phil Oreskovic, Matt Cullen) at 13:39 (SH)
12. Carnivores , Chris Lawrence 3 (Anton Gustafsson, Patrick McNeill) at 15:18 (PP)

Penalties :
Bryan Young (Bro) for Roughing (Minor) at 0:03, Igor Radulov (Bro) for Fighting (Major) at 12:40, Colton Orr (Bre) for Fighting (Major) at 12:40, Colton Orr (Bre) for instigated a fight (Minor) at 12:40, Colton Orr (Bre) for instigated a fight (10 Minutes Misconduct) at 12:40, Alexandre Bolduc (Bro) for Tripping (Minor) at 13:48

Overtime #1

13. Gangsters , Igor Radulov 16 (Jaroslav Balastik) at 1:45

Penalties :
No Penalty

Goalie Stats

Steve Mason (Bre), 28 saves from 35 shots - (0,800), OTL, 1-2-1, 61:45 minutes
David LeNeveu (Bro), 29 saves from 35 shots - (0,829), W, 4-1-3, 61:45 minutes

Players Stats for Carnivores

Player Name              G  A  P  +/- PIM S  H  SB GA TA FO     MP     PP MP  PK MP  
------------------------------------------------------------------------------------
Adam Almquist            0  0  0   2  0   0  0  0  0  0  0/0     3:33   0:00   0:00 
Andrew Ference           0  0  0   0  0   1  0  0  0  0  0/0     1:11   0:16   0:00 
Anton Gustafsson         1  2  3  -2  0   3  2  0  0  0  4/8    12:31   2:28   0:00 
Anton Lander             1  0  1   2  2   3  0  0  0  0  4/5     8:23   1:31   0:51 
Billy Sweat              2  1  3  -2  0   2  0  0  0  0  0/0     9:16   0:11   0:00 
Blake Geoffrion          0  0  0  -1  0   1  0  1  0  0  0/3    21:08   3:00   0:00 
Bobby Sanguinetti        0  1  1  -1  0   0  1  0  1  1  0/0    22:20   3:43   2:13 
Chris Butler             0  0  0   0  0   0  0  0  0  0  0/0     8:26   0:16   0:00 
Chris Lawrence           1  2  3  -3  0   10 4  1  3  0  0/1    18:08   3:20   0:00 
Colton Orr               1  1  2   2  17  2  4  1  0  2  1/1    14:41   1:07   1:02 
David Schlemko           0  0  0   0  0   0  0  0  0  0  0/0     8:10   0:10   0:00 
David Van Der Gulik      0  0  0  -2  0   4  1  0  0  1  0/1    26:06   3:07   2:46 
Evgeny Grachev           0  0  0  -1  0   1  4  1  0  1  16/30  19:04   0:22   0:32 
Jeremy Welsh             0  0  0   1  0   0  0  0  0  0  1/1    17:55   3:18   1:16 
Jordie Benn              0  0  0   2  2   0  0  1  0  1  0/0     3:43   0:00   0:00 
Keith Aulie              0  0  0  -3  0   2  1  0  0  0  0/0    27:26   3:38   2:53 
Lane MacDermid           0  0  0   0  0   0  1  0  0  0  0/0     8:49   1:08   0:59 
Matt Cullen              0  1  1  -1  0   5  1  0  0  1  9/20   20:24   3:09   2:46 
Patrick McNeill          0  1  1  -1  0   0  0  0  1  1  0/0    22:20   3:43   2:13 
Phil Oreskovic           0  2  2  -3  0   1  1  1  0  0  0/0    27:26   3:38   2:53 

Players Stats for Gangsters

Player Name              G  A  P  +/- PIM S  H  SB GA TA FO     MP     PP MP  PK MP  
------------------------------------------------------------------------------------
Alexandre Bolduc         0  1  1  -2  2   3  2  0  0  0  19/30  21:05   2:55   2:12 
Artem Anisimov           0  0  0  -2  0   2  1  0  0  0  4/10   15:56   2:07   0:00 
Ben Holmstrom            1  0  1   1  0   2  2  1  0  0  1/7     6:15   0:03   0:00 
Brett Ponich             0  1  1   1  0   0  0  0  0  0  0/0    12:07   0:00   2:16 
Bryan Young              0  1  1   1  2   0  1  0  0  0  0/0    28:28   2:58   2:12 
Chris Bourque            1  2  3   4  0   4  4  0  2  0  1/2    15:01   0:00   2:46 
Colten Teubert           0  0  0   0  0   0  1  1  0  1  0/0    21:22   2:08   3:36 
Curtis McKenzie          0  0  0   0  0   0  0  0  0  0  0/0     1:08   0:00   1:08 
Dave Dziurzynski         0  1  1   1  0   0  2  0  1  0  0/0     7:13   0:00   1:47 
Gabriel Dumont           0  0  0   0  0   0  0  0  0  0  0/0     0:50   0:00   0:43 
Igor Radulov             2  0  2   1  5   9  1  0  1  0  4/7    25:04   2:11   3:08 
Jaroslav Balastik        0  1  1   0  0   2  2  1  1  0  0/0    20:38   2:07   3:20 
Luke Gazdic              0  0  0   0  0   0  0  0  0  0  0/0     0:13   0:00   0:06 
Matt Delahey             0  0  0   0  0   1  0  2  0  1  0/0    21:20   2:08   3:09 
Maxime Sauvé             1  2  3   2  0   3  1  2  0  1  4/10   14:59   0:48   0:04 
Michael Sdao             0  0  0   1  0   0  0  0  0  0  0/0    10:06   0:00   0:33 
Mikko Lehtonen           0  0  0  -2  0   3  1  1  2  0  1/1    15:56   2:07   0:00 
Nathan Moon              0  0  0   0  0   0  0  0  0  0  0/0     0:00   0:00   0:00 
Phil McRae               0  0  0   0  0   0  0  0  0  0  0/0     0:00   0:00   0:00 
Richard Panik            1  0  1   4  5   2  0  0  0  0  0/0    12:03   0:00   0:00 
Ryan Jones               0  1  1  -2  0   3  0  0  0  1  1/3    18:35   2:59   0:00 
Shaun Heska              1  1  2   1  0   1  2  0  1  1  0/0    30:09   2:58   3:28 

3 Stars

1 - Chris Bourque (Bro)
2 - Maxime Sauvé (Bro)
3 - Billy Sweat (Bre)

Power Play

Carnivores - 1 on 3 Attempt(s) - 33,33%
Gangsters - 0 on 3 Attempt(s) - 0,00%

Penalty Kill

Carnivores - 3 on 3 Attempt(s) - 100,00% - Score 2 goal in Penalty Kill
Gangsters - 2 on 3 Attempt(s) - 66,67% - Score 0 goal in Penalty Kill

Official

Referees : Furlatt Eric and Kozari Steve
Linesman : Vaughan Rody and Brad Lazarowich

Game Notes

Colton Orr beats up Igor Radulov at 12:40 of 3rd period

Finance

Level 1 -- Attendance: 1512 (75,60%) -- Ticket Income 52 920 $
Level 2 -- Attendance: 751 (75,10%) -- Ticket Income 11 265 $
Total Attendance: 2263 (75,43%)
Total Ticket Income: 64 185 $
Other Income: 3 209 $
Total Income: 67 394 $

Carnivores

5 vs 5 Forward 
   Center                   Left Wing                Right Wing               Time % Phy DF OF 
 1 Evgeny Grachev           Blake Geoffrion          David Van Der Gulik      40     1   2  2  
 2 Matt Cullen              Jeremy Welsh             Colton Orr               30     1   2  2  
 3 Anton Gustafsson         Billy Sweat              Chris Lawrence           20     1   2  2  
 4 Anton Lander             Lane MacDermid           Chris Lawrence           10     1   2  2  

5 vs 5 Defense 
   Defense                  Defense                                           Time % Phy DF OF 
 1 Keith Aulie              Phil Oreskovic                                    40     1   2  2  
 2 Patrick McNeill          Bobby Sanguinetti                                 30     1   2  2  
 3 Chris Butler             David Schlemko                                    20     1   2  2  
 4 Jordie Benn              Adam Almquist                                     10     1   2  2  

PowerPlay Forward 
   Center                   Left Wing                Right Wing               Time % Phy DF OF 
 1 Matt Cullen              Blake Geoffrion          David Van Der Gulik      60     1   2  2  
 2 Matt Cullen              Jeremy Welsh             Chris Lawrence           40     1   2  2  

PowerPlay Defense
   Defense                  Defense                                           Time % Phy DF OF 
 1 Keith Aulie              Phil Oreskovic                                    60     1   2  2  
 2 Patrick McNeill          Bobby Sanguinetti                                 40     1   2  2  

Penalty Kill 4 Players Forward 
   Center                   Wing                     Time % Phy DF OF 
 1 Matt Cullen              David Van Der Gulik      60     1   2  2  
 2 Anton Lander             Colton Orr               40     1   2  2  

Penalty Kill 4 Players Defense
   Defense                  Defense                  Time % Phy DF OF 
 1 Keith Aulie              Phil Oreskovic           60     1   2  2  
 2 Patrick McNeill          Bobby Sanguinetti        40     1   2  2  

Penalty Kill - 3 Players Forward 
   Forward                                           Time % Phy DF OF 
 1 Matt Cullen                                       60     1   2  2  
 2 Anton Lander                                      40     1   2  2  

Penalty Kill - 3 Players Defense
   Defense                  Defense                  Time % Phy DF OF 
 1 Keith Aulie              Phil Oreskovic           60     1   2  2  
 2 Patrick McNeill          Bobby Sanguinetti        40     1   2  2  

4 vs 4 Forward 
   Center                   Wing                     Time % Phy DF OF 
 1 Matt Cullen              David Van Der Gulik      60     1   2  2  
 2 Anton Gustafsson         Colton Orr               40     1   2  2  

4 vs 4 Defense
   Defense                  Defense                  Time % Phy DF OF 
 1 Keith Aulie              Phil Oreskovic           60     1   2  2  
 2 Patrick McNeill          Bobby Sanguinetti        40     1   2  2  

Last Minutes Offensive
   Center                   Left Wing                Right Wing               Defense                  Defense                  
   Evgeny Grachev           Jeremy Welsh             David Van Der Gulik      Keith Aulie              Phil Oreskovic           

Last Minutes Defensive
   Center                   Left Wing                Right Wing               Defense                  Defense                  
   Anton Lander             Billy Sweat              David Van Der Gulik      Keith Aulie              Phil Oreskovic           

Goaltenders
Starting : Steve Mason              
Backup : Antti Raanta             

Extra Forwards
Normal : Chris Lawrence, Anton Gustafsson, Jeremy Welsh - PP : Chris Lawrence, Anton Gustafsson - PK : Jeremy Welsh
Extra Defensemen
Normal : Chris Butler, David Schlemko, Jordie Benn - PP : Chris Butler - PK : David Schlemko, Jordie Benn
Penalty Shots
Matt Cullen, Blake Geoffrion, David Van Der Gulik, Jeremy Welsh, Evgeny Grachev

Gangsters

5 vs 5 Forward 
   Center                   Left Wing                Right Wing               Time % Phy DF OF 
 1 Alexandre Bolduc         Igor Radulov             Ryan Jones               40     1   2  2  
 2 Artem Anisimov           Jaroslav Balastik        Mikko Lehtonen           30     1   2  2  
 3 Maxime Sauvé             Chris Bourque            Richard Panik            20     1   2  2  
 4 Ben Holmstrom            Dave Dziurzynski         Igor Radulov             10     1   2  2  

5 vs 5 Defense 
   Defense                  Defense                                           Time % Phy DF OF 
 1 Shaun Heska              Bryan Young                                       40     1   2  2  
 2 Colten Teubert           Matt Delahey                                      30     1   2  2  
 3 Michael Sdao             Brett Ponich                                      20     1   2  2  
 4 Shaun Heska              Bryan Young                                       10     1   2  2  

PowerPlay Forward 
   Center                   Left Wing                Right Wing               Time % Phy DF OF 
 1 Alexandre Bolduc         Igor Radulov             Ryan Jones               60     1   2  2  
 2 Artem Anisimov           Jaroslav Balastik        Mikko Lehtonen           40     1   2  2  

PowerPlay Defense
   Defense                  Defense                                           Time % Phy DF OF 
 1 Shaun Heska              Bryan Young                                       60     1   2  2  
 2 Colten Teubert           Matt Delahey                                      40     1   2  2  

Penalty Kill 4 Players Forward 
   Center                   Wing                     Time % Phy DF OF 
 1 Igor Radulov             Jaroslav Balastik        60     1   2  2  
 2 Chris Bourque            Alexandre Bolduc         40     1   2  2  

Penalty Kill 4 Players Defense
   Defense                  Defense                  Time % Phy DF OF 
 1 Shaun Heska              Bryan Young              60     1   2  2  
 2 Colten Teubert           Matt Delahey             40     1   2  2  

Penalty Kill - 3 Players Forward 
   Forward                                           Time % Phy DF OF 
 1 Igor Radulov                                      60     1   2  2  
 2 Jaroslav Balastik                                 40     1   2  2  

Penalty Kill - 3 Players Defense
   Defense                  Defense                  Time % Phy DF OF 
 1 Shaun Heska              Bryan Young              60     1   2  2  
 2 Colten Teubert           Matt Delahey             40     1   2  2  

4 vs 4 Forward 
   Center                   Wing                     Time % Phy DF OF 
 1 Igor Radulov             Jaroslav Balastik        60     1   2  2  
 2 Chris Bourque            Alexandre Bolduc         40     1   2  2  

4 vs 4 Defense
   Defense                  Defense                  Time % Phy DF OF 
 1 Shaun Heska              Bryan Young              60     1   2  2  
 2 Colten Teubert           Matt Delahey             40     1   2  2  

Last Minutes Offensive
   Center                   Left Wing                Right Wing               Defense                  Defense                  
   Alexandre Bolduc         Igor Radulov             Ryan Jones               Shaun Heska              Bryan Young              

Last Minutes Defensive
   Center                   Left Wing                Right Wing               Defense                  Defense                  
   Alexandre Bolduc         Igor Radulov             Ryan Jones               Shaun Heska              Bryan Young              

Goaltenders
Starting : David LeNeveu            
Backup : Dustin Tokarski          

Extra Forwards
Normal : Maxime Sauvé, Ben Holmstrom, Dave Dziurzynski - PP : Maxime Sauvé, Ben Holmstrom - PK : Dave Dziurzynski
Extra Defensemen
Normal : Michael Sdao, Brett Ponich, Colten Teubert - PP : Michael Sdao - PK : Brett Ponich, Colten Teubert
Penalty Shots
Igor Radulov, Jaroslav Balastik, Chris Bourque, Alexandre Bolduc, Ryan Jones

% Time on Ice - Carnivores

Lines # - Real PCT - Wanted PCT - Time Play
Normal Forward
1 - 41% - 40% - 18:58
2 - 28% - 30% - 13:03
3 - 19% - 20% - 8:59
4 - 12% - 10% - 5:26
Normal Defense
1 - 42% - 40% - 19:38
2 - 33% - 30% - 15:21
3 - 17% - 20% - 7:54
4 - 8% - 10% - 3:33
PP Forward
1 - 53% - 60% - 4:03
2 - 47% - 40% - 3:34
PP Defense
1 - 51% - 60% - 3:54
2 - 49% - 40% - 3:43
PK Forward
1 - 74% - 60% - 3:45
2 - 26% - 40% - 1:21
PK Defense
1 - 57% - 60% - 2:53
2 - 43% - 40% - 2:13
PK3 Forward
1 - 0% - 60%
2 - 0% - 40%
PK3 Defense
1 - 0% - 60%
2 - 0% - 40%
44 Forward
1 - 76% - 60% - 1:59
2 - 24% - 40% - 0:37
44 Defense
1 - 60% - 60% - 1:33
2 - 40% - 40% - 1:03
Last Minute Offensive  - 0:00
Last Minute Defensive  - 0:00
Total
Forward - 61:45
Defense - 61:45

% Time on Ice - Gangsters

Lines # - Real PCT - Wanted PCT - Time Play
Normal Forward
1 - 34% - 40% - 15:48
2 - 30% - 30% - 13:49
3 - 25% - 20% - 11:34
4 - 11% - 10% - 5:15
Normal Defense
1 - 43% - 40% - 20:01
2 - 33% - 30% - 15:19
3 - 20% - 20% - 9:14
4 - 4% - 10% - 1:52
PP Forward
1 - 58% - 60% - 2:59
2 - 42% - 40% - 2:07
PP Defense
1 - 58% - 60% - 2:58
2 - 42% - 40% - 2:08
PK Forward
1 - 72% - 60% - 5:27
2 - 28% - 40% - 2:10
PK Defense
1 - 53% - 60% - 4:01
2 - 47% - 40% - 3:36
PK3 Forward
1 - 0% - 60%
2 - 0% - 40%
PK3 Defense
1 - 0% - 60%
2 - 0% - 40%
44 Forward
1 - 86% - 60% - 2:14
2 - 14% - 40% - 0:22
44 Defense
1 - 79% - 60% - 2:03
2 - 21% - 40% - 0:33
Last Minute Offensive  - 0:00
Last Minute Defensive  - 0:00
Total
Forward - 61:45
Defense - 61:45

Play by Play

1st period


0:01 of 1st period - Igor Radulov wins face-off versus Blake Geoffrion in neutral zone.
0:29 of 1st period - Snap shot by Chris Bourque.
0:29 of 1st period - Shot Blocked by Phil Oreskovic.
0:31 of 1st period - Wrist shot by Richard Panik.
0:31 of 1st period - Shot Misses the Net.
0:33 of 1st period - Snap shot by Chris Bourque.
0:33 of 1st period - Stopped by Steve Mason with a rebound.
0:35 of 1st period - Snap shot by Matt Delahey.
0:35 of 1st period - Stopped by Steve Mason without a rebound.
0:36 of 1st period - Artem Anisimov wins face-off versus Matt Cullen in Carnivores zone.
1:01 of 1st period - Patrick McNeill is hit by Igor Radulov and loses puck.
1:10 of 1st period - Wrist shot by Igor Radulov.
1:10 of 1st period - Shot Blocked by Chris Lawrence.
2:30 of 1st period - Major Penalty to Richard Panik for Kneeing.
2:31 of 1st period - Igor Radulov wins face-off versus Blake Geoffrion in Gangsters zone.
2:56 of 1st period - Wrist shot by Matt Cullen.
2:56 of 1st period - Stopped by David LeNeveu without a rebound.
2:57 of 1st period - Matt Cullen wins face-off versus Chris Bourque in Gangsters zone.
3:42 of 1st period - Bryan Young is hit by Bobby Sanguinetti and loses puck.
5:43 of 1st period - Igor Radulov is hit by Matt Cullen and loses puck.
6:24 of 1st period - Patrick McNeill is hit by Bryan Young and loses puck.
6:55 of 1st period - Colton Orr is hit by Chris Bourque and loses puck.
7:30 of 1st period - Penalty to Richard Panik is over, Richard Panik is back on ice.
8:16 of 1st period - David Van Der Gulik is hit by Dave Dziurzynski and loses puck.
9:56 of 1st period - Snap shot by Andrew Ference.
9:56 of 1st period - Shot Misses the Net.
9:58 of 1st period - Wrist shot by Andrew Ference.
9:58 of 1st period - Stopped by David LeNeveu with a rebound.
10:34 of 1st period - Chris Lawrence is hit by Chris Bourque and loses puck.
10:49 of 1st period - Snap shot by Maxime Sauvé.
10:49 of 1st period - Stopped by Steve Mason without a rebound.
10:50 of 1st period - Artem Anisimov wins face-off versus Anton Gustafsson in Carnivores zone.
11:27 of 1st period - Phil Oreskovic is hit by Chris Bourque and loses puck.
12:18 of 1st period - Shaun Heska is hit by Anton Gustafsson.
12:39 of 1st period - Icing by Chris Bourque.
12:40 of 1st period - Maxime Sauvé wins face-off versus Anton Lander in Gangsters zone.
12:53 of 1st period - Wrist shot by Mikko Lehtonen.
12:53 of 1st period - Stopped by Steve Mason with a rebound.
12:55 of 1st period - Snap shot by Jaroslav Balastik.
12:55 of 1st period - Stopped by Steve Mason without a rebound.
12:56 of 1st period - Alexandre Bolduc wins face-off versus Evgeny Grachev in Carnivores zone.
12:57 of 1st period - Snap shot by Igor Radulov.
12:57 of 1st period - Stopped by Steve Mason without a rebound.
12:58 of 1st period - Alexandre Bolduc wins face-off versus Evgeny Grachev in Carnivores zone.
13:05 of 1st period - Wrist shot by Ryan Jones.
13:05 of 1st period - Stopped by Steve Mason without a rebound.
13:06 of 1st period - Evgeny Grachev wins face-off versus Ryan Jones in Carnivores zone.
13:15 of 1st period - Snap shot by Igor Radulov.
13:15 of 1st period - Deflect By Phil Oreskovic.
13:15 of 1st period - Stopped by Steve Mason without a rebound.
13:16 of 1st period - Alexandre Bolduc wins face-off versus Evgeny Grachev in Carnivores zone.
13:17 of 1st period - Snap shot by Igor Radulov.
13:17 of 1st period - Stopped by Steve Mason without a rebound.
13:18 of 1st period - Alexandre Bolduc wins face-off versus Evgeny Grachev in Carnivores zone.
14:09 of 1st period - Icing by Matt Cullen.
14:10 of 1st period - Maxime Sauvé wins face-off versus Matt Cullen in Carnivores zone.
14:19 of 1st period - Snap shot by Colton Orr.
14:19 of 1st period - Shot Misses the Net.
14:27 of 1st period - Slapshot by Colton Orr.
14:27 of 1st period - Shot Misses the Net.
14:35 of 1st period - Snap shot by Maxime Sauvé.
14:35 of 1st period - Stopped by Steve Mason without a rebound.
14:36 of 1st period - Evgeny Grachev wins face-off versus Alexandre Bolduc in Carnivores zone.
14:44 of 1st period - Snap shot by Igor Radulov.
14:44 of 1st period - Shot Misses the Net.
14:46 of 1st period - Snap shot by Bryan Young.
14:46 of 1st period - Shot Blocked by Evgeny Grachev.
14:48 of 1st period - Snap shot by Alexandre Bolduc.
14:48 of 1st period - Stopped by Steve Mason without a rebound.
14:49 of 1st period - Alexandre Bolduc wins face-off versus Evgeny Grachev in Carnivores zone.
14:50 of 1st period - Slapshot by Igor Radulov.
14:50 of 1st period - Shot Blocked by Blake Geoffrion.
15:26 of 1st period - Slapshot by Chris Lawrence.
15:26 of 1st period - Shot Misses the Net.
16:50 of 1st period - Minor Penalty to Anton Lander for Tripping.
16:51 of 1st period - Ryan Jones wins face-off versus Matt Cullen in Carnivores zone.
18:44 of 1st period - Phil Oreskovic is hit by Jaroslav Balastik and loses puck.
18:50 of 1st period - Penalty to Anton Lander is over, Anton Lander is back on ice.
Goals for this period are 0 for Carnivores vs 0 for Gangsters.
Shots for this period are 2 for Carnivores vs 11 for Gangsters.

2nd period


0:01 of 2nd period - Alexandre Bolduc wins face-off versus David Van Der Gulik in neutral zone.
0:01 of 2nd period - Alexandre Bolduc is hit by Keith Aulie.
0:32 of 2nd period - Artem Anisimov is hit by Colton Orr and loses puck.
0:49 of 2nd period - Backhand shot by Chris Bourque.
0:49 of 2nd period - Stopped by Steve Mason with a rebound.
0:51 of 2nd period - Wrist shot by Chris Bourque.
0:51 of 2nd period - Goal by Chris Bourque - Carnivores : 0 - Gangsters : 1.
0:52 of 2nd period - Evgeny Grachev wins face-off versus Alexandre Bolduc in neutral zone.
1:17 of 2nd period - Colton Orr is hit by Colten Teubert and loses puck.
1:38 of 2nd period - Snap shot by Matt Delahey.
1:38 of 2nd period - Deflect By Chris Bourque.
1:38 of 2nd period - Shot Misses the Net.
1:38 of 2nd period - Puck is out of play.
1:39 of 2nd period - Chris Bourque wins face-off versus Anton Gustafsson in Carnivores zone.
1:40 of 2nd period - Snap shot by Maxime Sauvé.
1:40 of 2nd period - Goal by Maxime Sauvé - Carnivores : 0 - Gangsters : 2.
1:41 of 2nd period - Alexandre Bolduc wins face-off versus Evgeny Grachev in neutral zone.
2:06 of 2nd period - Artem Anisimov is hit by Colton Orr.
2:36 of 2nd period - Snap shot by Richard Panik.
2:36 of 2nd period - Stopped by Steve Mason without a rebound.
2:37 of 2nd period - Alexandre Bolduc wins face-off versus Evgeny Grachev in Carnivores zone.
2:46 of 2nd period - Shaun Heska is hit by Evgeny Grachev and loses puck.
3:05 of 2nd period - Snap shot by Colton Orr.
3:05 of 2nd period - Shot Misses the Net.
3:25 of 2nd period - Matt Delahey is hit by Chris Lawrence and loses puck.
3:36 of 2nd period - Snap shot by Chris Lawrence.
3:36 of 2nd period - Stopped by David LeNeveu with a rebound.
3:46 of 2nd period - Snap shot by David Van Der Gulik.
3:46 of 2nd period - Stopped by David LeNeveu with a rebound.
3:50 of 2nd period - Slapshot by Evgeny Grachev.
3:50 of 2nd period - Shot Blocked by Colten Teubert.
4:08 of 2nd period - Snap shot by Jaroslav Balastik.
4:08 of 2nd period - Stopped by Steve Mason with a rebound.
4:24 of 2nd period - Bobby Sanguinetti is hit by Alexandre Bolduc and loses puck.
4:44 of 2nd period - Minor Penalty to Jordie Benn for Interference.
4:45 of 2nd period - Alexandre Bolduc wins face-off versus Matt Cullen in Carnivores zone.
4:45 of 2nd period - Slapshot by Igor Radulov.
4:45 of 2nd period - Stopped by Steve Mason without a rebound.
4:46 of 2nd period - Alexandre Bolduc wins face-off versus Matt Cullen in Carnivores zone.
4:49 of 2nd period - Snap shot by Alexandre Bolduc.
4:49 of 2nd period - Shot Misses the Net.
6:17 of 2nd period - Shaun Heska is hit by Lane MacDermid and loses puck.
6:34 of 2nd period - Snap shot by Colton Orr.
6:34 of 2nd period - Goal by Colton Orr - Carnivores : 1 - Gangsters : 2.
6:35 of 2nd period - Artem Anisimov wins face-off versus Matt Cullen in neutral zone.
6:44 of 2nd period - Penalty to Jordie Benn is over, Jordie Benn is back on ice.
7:08 of 2nd period - Snap shot by Chris Lawrence.
7:08 of 2nd period - Stopped by David LeNeveu without a rebound.
7:09 of 2nd period - Evgeny Grachev wins face-off versus Artem Anisimov in Gangsters zone.
7:10 of 2nd period - Snap shot by Blake Geoffrion.
7:10 of 2nd period - Shot Blocked by Matt Delahey.
7:39 of 2nd period - Slapshot by Colten Teubert.
7:39 of 2nd period - Shot Blocked by Colton Orr.
9:08 of 2nd period - Snap shot by David Van Der Gulik.
9:08 of 2nd period - Stopped by David LeNeveu with a rebound.
9:52 of 2nd period - Snap shot by Igor Radulov.
9:52 of 2nd period - Stopped by Steve Mason without a rebound.
9:53 of 2nd period - Ben Holmstrom wins face-off versus Anton Gustafsson in Carnivores zone.
9:54 of 2nd period - Snap shot by Dave Dziurzynski.
9:54 of 2nd period - Shot Misses the Net.
9:56 of 2nd period - Snap shot by Ben Holmstrom.
9:56 of 2nd period - Goal by Ben Holmstrom - Carnivores : 1 - Gangsters : 3.
9:57 of 2nd period - Alexandre Bolduc wins face-off versus Matt Cullen in neutral zone.
10:22 of 2nd period - Keith Aulie is hit by Jaroslav Balastik and loses puck.
10:31 of 2nd period - Slapshot by Artem Anisimov.
10:31 of 2nd period - Stopped by Steve Mason with a rebound.
11:20 of 2nd period - Phil Oreskovic is hit by Mikko Lehtonen and loses puck.
11:33 of 2nd period - Blake Geoffrion is hit by Dave Dziurzynski and loses puck.
12:34 of 2nd period - Slapshot by Matt Cullen.
12:34 of 2nd period - Stopped by David LeNeveu with a rebound.
13:01 of 2nd period - Matt Delahey is hit by Evgeny Grachev and loses puck.
13:10 of 2nd period - Wrist shot by Jaroslav Balastik.
13:10 of 2nd period - Shot Misses the Net.
13:12 of 2nd period - Wrist shot by Artem Anisimov.
13:12 of 2nd period - Stopped by Steve Mason with a rebound.
13:22 of 2nd period - Wrist shot by Matt Cullen.
13:22 of 2nd period - Shot Blocked by Maxime Sauvé.
13:46 of 2nd period - Icing by Michael Sdao.
13:47 of 2nd period - Evgeny Grachev wins face-off versus Artem Anisimov in Gangsters zone.
13:48 of 2nd period - Wrist shot by David Van Der Gulik.
13:48 of 2nd period - Stopped by David LeNeveu with a rebound.
13:50 of 2nd period - Slapshot by Bobby Sanguinetti.
13:50 of 2nd period - Deflect By Evgeny Grachev.
13:50 of 2nd period - Shot Blocked by Jaroslav Balastik.
13:50 of 2nd period - Puck is out of play.
13:51 of 2nd period - Mikko Lehtonen wins face-off versus Evgeny Grachev in Gangsters zone.
14:18 of 2nd period - Wrist shot by Chris Lawrence.
14:18 of 2nd period - Shot Misses the Net.
14:20 of 2nd period - Snap shot by Anton Gustafsson.
14:20 of 2nd period - Stopped by David LeNeveu with a rebound.
14:22 of 2nd period - Wrist shot by Billy Sweat.
14:22 of 2nd period - Deflect By Anton Gustafsson.
14:22 of 2nd period - Goal by Anton Gustafsson - Carnivores : 2 - Gangsters : 3.
14:23 of 2nd period - Alexandre Bolduc wins face-off versus Evgeny Grachev in neutral zone.
14:54 of 2nd period - Slapshot by Chris Bourque.
14:54 of 2nd period - Stopped by Steve Mason without a rebound.
14:55 of 2nd period - Matt Cullen wins face-off versus Maxime Sauvé in Carnivores zone.
15:21 of 2nd period - Ryan Jones is hit by Chris Lawrence and loses puck.
15:46 of 2nd period - Ryan Jones is hit by Evgeny Grachev and loses puck.
16:01 of 2nd period - Slapshot by Alexandre Bolduc.
16:01 of 2nd period - Shot Misses the Net.
16:03 of 2nd period - Wrist shot by Alexandre Bolduc.
16:03 of 2nd period - Shot Misses the Net.
16:05 of 2nd period - Slapshot by Michael Sdao.
16:05 of 2nd period - Deflect By Alexandre Bolduc.
16:05 of 2nd period - Stopped by Steve Mason with a rebound.
16:07 of 2nd period - Wrist shot by Igor Radulov.
16:07 of 2nd period - Shot Blocked by Jordie Benn.
16:09 of 2nd period - Wrist shot by Alexandre Bolduc.
16:09 of 2nd period - Stopped by Steve Mason without a rebound.
16:10 of 2nd period - Colton Orr wins face-off versus Artem Anisimov in Carnivores zone.
16:19 of 2nd period - Phil Oreskovic is hit by Shaun Heska and loses puck.
17:03 of 2nd period - Matt Delahey is hit by Chris Lawrence.
17:19 of 2nd period - Jeremy Welsh is hit by Maxime Sauvé and loses puck.
17:52 of 2nd period - Icing by Blake Geoffrion.
17:53 of 2nd period - Alexandre Bolduc wins face-off versus Anton Gustafsson in Carnivores zone.
17:59 of 2nd period - Icing by Anton Gustafsson.
18:00 of 2nd period - Anton Gustafsson wins face-off versus Artem Anisimov in Carnivores zone.
18:09 of 2nd period - Snap shot by Chris Lawrence.
18:09 of 2nd period - Shot Misses the Net.
18:11 of 2nd period - Slapshot by Billy Sweat.
18:11 of 2nd period - Goal by Billy Sweat - Carnivores : 3 - Gangsters : 3.
18:12 of 2nd period - Alexandre Bolduc wins face-off versus Evgeny Grachev in neutral zone.
18:27 of 2nd period - Snap shot by Alexandre Bolduc.
18:27 of 2nd period - Shot Misses the Net.
18:37 of 2nd period - Bryan Young is hit by Colton Orr and loses puck.
19:39 of 2nd period - Wrist shot by Chris Lawrence.
19:39 of 2nd period - Shot Misses the Net.
19:41 of 2nd period - Snap shot by Chris Lawrence.
19:41 of 2nd period - Stopped by David LeNeveu without a rebound.
19:42 of 2nd period - Anton Lander wins face-off versus Alexandre Bolduc in Gangsters zone.
19:51 of 2nd period - Wrist shot by Chris Lawrence.
19:51 of 2nd period - Stopped by David LeNeveu with a rebound.
19:53 of 2nd period - Slapshot by Keith Aulie.
19:53 of 2nd period - Stopped by David LeNeveu with a rebound.
19:55 of 2nd period - Wrist shot by Anton Lander.
19:55 of 2nd period - Shot Misses the Net.
Goals for this period are 3 for Carnivores vs 3 for Gangsters.
Shots for this period are 13 for Carnivores vs 13 for Gangsters.

3rd period


0:01 of 3rd period - Alexandre Bolduc wins face-off versus Evgeny Grachev in neutral zone.
0:03 of 3rd period - Minor Penalty to Bryan Young for Roughing.
0:04 of 3rd period - Matt Cullen wins face-off versus Igor Radulov in Gangsters zone.
0:12 of 3rd period - Wrist shot by Matt Cullen.
0:12 of 3rd period - Stopped by David LeNeveu with a rebound.
0:31 of 3rd period - Icing by Phil Oreskovic.
0:32 of 3rd period - Matt Cullen wins face-off versus Igor Radulov in Carnivores zone.
2:03 of 3rd period - Penalty to Bryan Young is over, Bryan Young is back on ice.
2:28 of 3rd period - Snap shot by Billy Sweat.
2:28 of 3rd period - Goal by Billy Sweat - Carnivores : 4 - Gangsters : 3.
2:29 of 3rd period - Alexandre Bolduc wins face-off versus Evgeny Grachev in neutral zone.
2:42 of 3rd period - Snap shot by Igor Radulov.
2:42 of 3rd period - Shot Misses the Net.
3:17 of 3rd period - Slapshot by Chris Lawrence.
3:17 of 3rd period - Shot Misses the Net.
3:19 of 3rd period - Backhand shot by Phil Oreskovic.
3:19 of 3rd period - Shot Misses the Net.
3:21 of 3rd period - Wrist shot by Chris Lawrence.
3:21 of 3rd period - Stopped by David LeNeveu without a rebound.
3:22 of 3rd period - Igor Radulov wins face-off versus Evgeny Grachev in Gangsters zone.
3:45 of 3rd period - Igor Radulov is hit by David Van Der Gulik and loses puck.
4:02 of 3rd period - Wrist shot by Alexandre Bolduc.
4:02 of 3rd period - Shot Misses the Net.
4:04 of 3rd period - Snap shot by Alexandre Bolduc.
4:04 of 3rd period - Shot Misses the Net.
4:14 of 3rd period - Snap shot by Alexandre Bolduc.
4:14 of 3rd period - Deflect By Igor Radulov.
4:14 of 3rd period - Goal by Igor Radulov - Carnivores : 4 - Gangsters : 4.
4:15 of 3rd period - Matt Cullen wins face-off versus Artem Anisimov in neutral zone.
4:18 of 3rd period - Slapshot by Keith Aulie.
4:18 of 3rd period - Stopped by David LeNeveu without a rebound.
4:19 of 3rd period - Artem Anisimov wins face-off versus Matt Cullen in Gangsters zone.
4:48 of 3rd period - Snap shot by Ryan Jones.
4:48 of 3rd period - Shot Misses the Net.
4:50 of 3rd period - Wrist shot by Igor Radulov.
4:50 of 3rd period - Shot Misses the Net.
4:52 of 3rd period - Snap shot by Matt Delahey.
4:52 of 3rd period - Shot Misses the Net.
4:54 of 3rd period - Backhand shot by Igor Radulov.
4:54 of 3rd period - Stopped by Steve Mason with a rebound.
5:10 of 3rd period - Wrist shot by Chris Lawrence.
5:10 of 3rd period - Shot Misses the Net.
5:21 of 3rd period - Keith Aulie is hit by Chris Bourque and loses puck.
5:30 of 3rd period - Snap shot by Chris Bourque.
5:30 of 3rd period - Shot Misses the Net.
5:32 of 3rd period - Wrist shot by Shaun Heska.
5:32 of 3rd period - Goal by Shaun Heska - Carnivores : 4 - Gangsters : 5.
5:33 of 3rd period - Evgeny Grachev wins face-off versus Alexandre Bolduc in neutral zone.
5:35 of 3rd period - Off-side.
5:36 of 3rd period - Evgeny Grachev wins face-off versus Ryan Jones in neutral zone.
5:49 of 3rd period - Wrist shot by Igor Radulov.
5:49 of 3rd period - Shot Misses the Net.
6:08 of 3rd period - Wrist shot by Colton Orr.
6:08 of 3rd period - Stopped by David LeNeveu without a rebound.
6:09 of 3rd period - Matt Cullen wins face-off versus Alexandre Bolduc in Gangsters zone.
6:42 of 3rd period - Wrist shot by Mikko Lehtonen.
6:42 of 3rd period - Stopped by Steve Mason without a rebound.
6:43 of 3rd period - Alexandre Bolduc wins face-off versus Blake Geoffrion in Carnivores zone.
7:08 of 3rd period - Mikko Lehtonen is hit by Colton Orr and loses puck.
7:13 of 3rd period - Snap shot by Matt Cullen.
7:13 of 3rd period - Stopped by David LeNeveu with a rebound.
7:17 of 3rd period - Slapshot by Matt Cullen.
7:17 of 3rd period - Deflect By Jeremy Welsh.
7:17 of 3rd period - Shot Blocked by Mikko Lehtonen.
7:17 of 3rd period - Puck is out of play.
7:18 of 3rd period - Alexandre Bolduc wins face-off versus Evgeny Grachev in Gangsters zone.
7:23 of 3rd period - Snap shot by Ryan Jones.
7:23 of 3rd period - Stopped by Steve Mason without a rebound.
7:24 of 3rd period - Evgeny Grachev wins face-off versus Alexandre Bolduc in Carnivores zone.
7:40 of 3rd period - Icing by Evgeny Grachev.
7:41 of 3rd period - Evgeny Grachev wins face-off versus Artem Anisimov in Carnivores zone.
7:50 of 3rd period - Mikko Lehtonen is hit by Phil Oreskovic and loses puck.
8:27 of 3rd period - Slapshot by Ryan Jones.
8:27 of 3rd period - Stopped by Steve Mason with a rebound.
8:29 of 3rd period - Wrist shot by Richard Panik.
8:29 of 3rd period - Goal by Richard Panik - Carnivores : 4 - Gangsters : 6.
8:30 of 3rd period - Evgeny Grachev wins face-off versus Alexandre Bolduc in neutral zone.
8:56 of 3rd period - Matt Cullen is hit by Artem Anisimov and loses puck.
9:05 of 3rd period - Snap shot by Jaroslav Balastik.
9:05 of 3rd period - Deflect By Mikko Lehtonen.
9:05 of 3rd period - Stopped by Steve Mason without a rebound.
9:06 of 3rd period - Evgeny Grachev wins face-off versus Alexandre Bolduc in Carnivores zone.
10:11 of 3rd period - Dave Dziurzynski is hit by Evgeny Grachev and loses puck.
11:19 of 3rd period - Snap shot by Igor Radulov.
11:19 of 3rd period - Stopped by Steve Mason with a rebound.
11:25 of 3rd period - Michael Sdao is hit by Chris Lawrence and loses puck.
11:53 of 3rd period - Snap shot by Chris Lawrence.
11:53 of 3rd period - Stopped by David LeNeveu without a rebound.
11:54 of 3rd period - Anton Lander wins face-off versus Maxime Sauvé in Gangsters zone.
11:59 of 3rd period - Wrist shot by Chris Lawrence.
11:59 of 3rd period - Stopped by David LeNeveu without a rebound.
12:00 of 3rd period - Evgeny Grachev wins face-off versus Maxime Sauvé in Gangsters zone.
12:25 of 3rd period - Snap shot by Phil Oreskovic.
12:25 of 3rd period - Deflect By Matt Cullen.
12:25 of 3rd period - Stopped by David LeNeveu without a rebound.
12:26 of 3rd period - Matt Cullen wins face-off versus Alexandre Bolduc in Gangsters zone.
12:40 of 3rd period - Colton Orr beats up Igor Radulov.
12:40 of 3rd period - Penalty to Igor Radulov for Fighting.
12:40 of 3rd period - Penalty to Colton Orr for Fighting.
12:40 of 3rd period - Penalty to Colton Orr for instigated a fight.
12:40 of 3rd period - Penalty to Colton Orr for instigated a fight.
12:41 of 3rd period - Alexandre Bolduc wins face-off versus Matt Cullen in neutral zone.
13:37 of 3rd period - Slapshot by Phil Oreskovic.
13:37 of 3rd period - Stopped by David LeNeveu with a rebound.
13:39 of 3rd period - Snap shot by Anton Lander.
13:39 of 3rd period - Goal by Anton Lander - Carnivores : 5 - Gangsters : 6.
13:40 of 3rd period - Matt Cullen wins face-off versus Alexandre Bolduc in neutral zone.
13:48 of 3rd period - Minor Penalty to Alexandre Bolduc for Tripping.
13:49 of 3rd period - Maxime Sauvé wins face-off versus Matt Cullen in Gangsters zone.
14:39 of 3rd period - Shaun Heska is hit by Anton Gustafsson and loses puck.
14:40 of 3rd period - Penalty to Colton Orr is over, Jeremy Welsh is send on ice.
15:00 of 3rd period - Wrist shot by Anton Gustafsson.
15:00 of 3rd period - Shot Blocked by Matt Delahey.
15:18 of 3rd period - Slapshot by Chris Lawrence.
15:18 of 3rd period - Goal by Chris Lawrence - Carnivores : 6 - Gangsters : 6.
15:19 of 3rd period - Evgeny Grachev wins face-off versus Ben Holmstrom in neutral zone.
15:34 of 3rd period - Blake Geoffrion is hit by Ben Holmstrom and loses puck.
16:37 of 3rd period - Icing by Ryan Jones.
16:38 of 3rd period - Anton Lander wins face-off versus Ben Holmstrom in Gangsters zone.
16:39 of 3rd period - Slapshot by Chris Lawrence.
16:39 of 3rd period - Stopped by David LeNeveu with a rebound.
16:43 of 3rd period - Backhand shot by Anton Lander.
16:43 of 3rd period - Stopped by David LeNeveu without a rebound.
16:44 of 3rd period - Anton Lander wins face-off versus Ben Holmstrom in Gangsters zone.
16:47 of 3rd period - Slapshot by Phil Oreskovic.
16:47 of 3rd period - Shot Blocked by Ben Holmstrom.
16:49 of 3rd period - Wrist shot by Anton Lander.
16:49 of 3rd period - Stopped by David LeNeveu without a rebound.
16:50 of 3rd period - Evgeny Grachev wins face-off versus Ben Holmstrom in Gangsters zone.
16:51 of 3rd period - Wrist shot by Blake Geoffrion.
16:51 of 3rd period - Stopped by David LeNeveu with a rebound.
17:00 of 3rd period - Off-side.
17:01 of 3rd period - Anton Gustafsson wins face-off versus Maxime Sauvé in neutral zone.
17:06 of 3rd period - Backhand shot by Chris Lawrence.
17:06 of 3rd period - Stopped by David LeNeveu without a rebound.
17:07 of 3rd period - Anton Gustafsson wins face-off versus Ben Holmstrom in Gangsters zone.
17:10 of 3rd period - Snap shot by Chris Lawrence.
17:10 of 3rd period - Shot Misses the Net.
17:12 of 3rd period - Wrist shot by Anton Gustafsson.
17:12 of 3rd period - Stopped by David LeNeveu without a rebound.
17:13 of 3rd period - Maxime Sauvé wins face-off versus Chris Lawrence in Gangsters zone.
17:30 of 3rd period - Billy Sweat is hit by Shaun Heska.
17:37 of 3rd period - Icing by Shaun Heska.
17:38 of 3rd period - Evgeny Grachev wins face-off versus Maxime Sauvé in Gangsters zone.
17:45 of 3rd period - Wrist shot by Blake Geoffrion.
17:45 of 3rd period - Shot Blocked by Maxime Sauvé.
17:47 of 3rd period - Snap shot by Evgeny Grachev.
17:47 of 3rd period - Stopped by David LeNeveu without a rebound.
17:48 of 3rd period - Evgeny Grachev wins face-off versus Ben Holmstrom in Gangsters zone.
18:54 of 3rd period - Icing by Patrick McNeill.
18:55 of 3rd period - Anton Gustafsson wins face-off versus Alexandre Bolduc in Carnivores zone.
Goals for this period are 3 for Carnivores vs 3 for Gangsters.
Shots for this period are 19 for Carnivores vs 9 for Gangsters.

Overtime #1


0:01 of 1st overtime period - Matt Cullen wins face-off versus Igor Radulov in neutral zone.
0:16 of 1st overtime period - Slapshot by David Van Der Gulik.
0:16 of 1st overtime period - Stopped by David LeNeveu with a rebound.
0:48 of 1st overtime period - Bobby Sanguinetti is hit by Alexandre Bolduc and loses puck.
1:12 of 1st overtime period - Off-side.
1:13 of 1st overtime period - Jeremy Welsh wins face-off versus Maxime Sauvé in neutral zone.
1:24 of 1st overtime period - Phil Oreskovic is hit by Ben Holmstrom and loses puck.
1:29 of 1st overtime period - Snap shot by Ben Holmstrom.
1:29 of 1st overtime period - Stopped by Steve Mason without a rebound.
1:30 of 1st overtime period - Igor Radulov wins face-off versus Matt Cullen in Carnivores zone.
1:43 of 1st overtime period - Slapshot by Igor Radulov.
1:43 of 1st overtime period - Shot Misses the Net.
1:45 of 1st overtime period - Snap shot by Igor Radulov.
1:45 of 1st overtime period - Goal by Igor Radulov - Carnivores : 6 - Gangsters : 7.
Goals for this period are 0 for Carnivores vs 1 for Gangsters.
Shots for this period are 1 for Carnivores vs 2 for Gangsters.


Output by the SimonT Hockey Simulator (STHS) for François Prévost -- Original Page W3C XHTML 1.0 Valid
Hockey Simulator - Hockey Simulation - Hockey Manager